cohdb
Replays
Latest Replays
All Replays
Popular Replays
Top Player Replays
Match Explorer
How It Works
Community
CoH3 Stats
Reddit
Sign in to upload your games and track your stats! →
Sign in with Steam
Match 41171632
Unlisted
Match 41171632
Overview
Messages
Build Orders
End
Kradschützen Motorcycle Team
Selects Panzerjäger Kommand Battlegroup
Panzergrenadier Squad
Panzergrenadier Squad
Construct Light Support Kompanie
Fire Support Elements
Selects Tank Busters
Flakvierling Half-track
Panzergrenadier Squad
Panzerjäger Mechanized Group
Construct Panzerarmee Kommand
2.5-tonne Medical Truck
Selects Crew Shock Tactics
Vehicle Survival Package
Walking Stuka Rocket Launcher
Emergency Repair Kits
le.IG 18 Mechanized Group
Construct Mechanized Kompanie
AI Takeover
Quickscopekiller1337
Fatboy92
TyrionLX
无言
Raedwulf
Zetty
抖音呆呆河马-英3小程序
疾风
0
0
Comments
sign in to comment!
No comments posted yet!